 Dungeon Crawl Stone Soup version 0.32-a0-131-g9dbbe29261 (webtiles) character file.

Game seed: 659323882246288706

7994 Ambrosia the Destroyer (level 10, -7/84 HPs)
             Began as a Demigod Conjurer on Feb 8, 2024.
             Mangled by a komodo dragon (18 damage)
             ... on level 2 of the Lair of Beasts.
             The game lasted 00:24:21 (13325 turns).

Ambrosia the Destroyer (Demigod Conjurer)          Turns: 13325, Time: 00:24:21

Health: -7/84      AC:  8    Str:  8    XL:     10   Next: 74%
Magic:  12/33      EV: 18    Int: 32    God:
Gold:   708        SH:  0    Dex: 12    Spells: 4/22 levels left

rFire   . . .        l - +5 mace of the Leaping Owl {flame, rPois SInv}
rCold   . . .        (no shield)
rNeg    . . .        a - +0 robe
rPois   +            o - +2 hat
rElec   .            q - +0 cloak
rCorr   .            g - +2 pair of gloves
SInv    +            (no boots)
Will    +....        u - amulet of magic regeneration
Stlth   ++           b - ring of magical power {MP+9}
HPRegen 0.34/turn    f - +5 ring of evasion
MPRegen 0.63/turn

%: no passive effects
@: mighty
A: high MP 1, forlorn, divine attributes
a: no special abilities


You were on level 2 of the Lair of Beasts.
You visited 3 branches of the dungeon, and saw 13 of its levels.

You collected 708 gold pieces.

Inventory:

Hand Weapons
 c - a +4 hand axe of chaos
   (You found it on level 1 of the Dungeon)
 l - the +5 mace of the Leaping Owl (weapon) {flame, rPois SInv}
   (You found it on level 8 of the Dungeon)

   rPois:     It protects you from poison SInv: It lets you see invisible.
Missiles
 s - a throwing net {=f, !d}
Armour
 a - a +0 robe (worn)
 g - a +2 pair of gloves (worn)
   (You found it on level 1 of the Dungeon)
 o - a +2 hat (worn)
   (You found it on level 3 of the Dungeon)
 q - a +0 cloak (worn)
   (You found it on level 8 of the Dungeon)
 z - an orb of energy
   (You took it off Jeremiah on level 1 of the Lair of Beasts)
Jewellery
 b - a ring of magical power (left hand) {MP+9}
   (You took it off a kobold on level 1 of the Dungeon)
 f - a +5 ring of evasion (right hand)
   (You found it on level 1 of the Dungeon)
 u - an amulet of magic regeneration (around neck)
   (You found it on level 7 of the Dungeon)
Wands
 p - a wand of flame (33)
   (You took it off Natasha on level 2 of the Dungeon)
 r - a wand of digging (6)
   (You found it on level 4 of the Dungeon)
 v - a wand of quicksilver (8)
   (You found it on level 8 of the Dungeon)
 y - a wand of mindburst (8)
   (You found it on level 1 of the Lair of Beasts)
Scrolls
 h - 3 scrolls of amnesia
 x - a scroll of fog
Potions
 d - 2 potions of ambrosia
 e - a potion of might
 i - 5 potions of lignification {!q}
 j - a potion of resistance
 k - 2 potions of brilliance {unknown}
 m - 2 potions of attraction {unknown}
 n - 6 potions of curing {unknown}
 t - 4 potions of degeneration {!q}
 w - a potion of enlightenment


   Skills:
 * Level 6.9 Fighting
 + Level 4.7 Armour
 + Level 5.2 Dodging
 - Level 1.7 Stealth
 * Level 6.7 Spellcasting
 * Level 8.0 Conjurations
 * Level 6.8 Earth Magic


You had 4 spell levels left.
You knew the following spells:

 Your Spells              Type           Power      Damage    Failure   Level
a - Magic Dart            Conj           100%       1d8       1%          1
c - Stone Arrow           Conj/Erth      100%       3d13      1%          3
f - Fulminant Prism       Conj/Alch      18%        3d10      9%          4
s - Searing Ray           Conj           100%       2d8       1%          2
z - Brom's Barrelling Bo  Conj/Erth      55%        2d7       1%          4
Z - Iskenderun's Mystic   Conj/Tloc      36%        2d9       9%          4

Your spell library contained the following spells:

 Spells                   Type           Power      Damage    Failure   Level
 Sandblast                Erth           100%       2d20      1%          1
 Passwall                 Erth           53%        N/A       1%          3
 Necrotise                Necr           40%        1d6       4%          1
 Summon Ice Beast         Ice/Summ       10%        N/A       13%         3
 Vampiric Draining        Necr           10%        2d6       13%         3
 Martyr's Knell           Necr/Summ      10%        N/A       38%         4
 Olgreb's Toxic Radiance  Alch           10%        N/A       38%         4
 Curse of Agony           Necr           10%        N/A       75%         5
 Summon Mana Viper        Hex/Summ       10%        N/A       75%         5
 Monstrous Menagerie      Summ           5%         N/A       100%        7
 Ozocubu's Refrigeration  Ice            5%         4d8       100%        7
 Discord                  Hex            5%         N/A       100%        8


Dungeon Overview and Level Annotations

Branches:
Dungeon (10/15) Zot: 25965  Temple (1/1) D:6 Zot: 5998    Lair (1/5) D:9 Zot: 11388
    Orc: D:9-12

Shops:
D:7 =

Annotations:
D:8 2 transporters, exclusion: downstairs, shadowrider38's ghost, novice VSFE
D:10 1 runed translucent door


Innate Abilities, Weirdness & Mutations

You have an increased reservoir of magic. (+10% MP)
You shall have no god before yourself.
Your divine heritage dramatically boosts your attributes as you level up.


Message History

Unknown command.
Casting: Iskenderun's Mystic Blast (dangerous; 9% risk of failure)
Aiming: Fulminant Prism (dangerous; 9% risk of failure)
Press: ? - help, Dir - move target You conjure a prism of explosive energy!
A fulminant prism comes into view.
The wolf bites you. The wolf misses you.
You take 1 damage, and have 83/84 hp.
You now have 15/32 mp.
Casting: Fulminant Prism (dangerous; 9% risk of failure)
You erupt in a blast of force!
The mystic blast hits the wolf!
The wolf is knocked back by the mystic blast.
The wolf slams into the rock wall!
The mystic blast hits the wolf.
You kill the wolf!
The mystic blast hits the plant!
The mystic blast hits the wolf!
The wolf is knocked back by the mystic blast.
The mystic blast hits the wolf!
You kill the wolf!
A nearby plant withers and dies.
Your fulminant prism crackles loudly.
You now have 11/32 mp.
Unknown command.
Casting: Iskenderun's Mystic Blast (dangerous; 9% risk of failure)
You erupt in a blast of force!
The mystic blast hits the wolf!
You kill the wolf!
The mystic blast hits the wolf!
The wolf is knocked back by the mystic blast.
The mystic blast hits the wolf.
The wolf is knocked back by the mystic blast.
The blast of energy engulfs the wolf!!
You kill the wolf!
The blast of energy engulfs the wolf!
You kill the wolf!
The blast of energy engulfs the bush!
You hear a loud, deep croak! x2
Your Conjurations skill increases to level 8!
Health restored: 84 You now have 8/33 mp.
Unknown command.
You start resting.
A nearby plant withers and dies.
No target in view!
A wyvern comes into view.
You can't see any susceptible monsters within range! (Use Z to cast anyway.)
You see here a +0 leather armour.
A wyvern is nearby!
The stone arrow hits the wyvern!
You now have 8/33 mp.
The stone arrow hits the wyvern!
You now have 6/33 mp.
The stone arrow hits the wyvern!!
You kill the wyvern!
You now have 3/33 mp.
A komodo dragon comes into view.
You start resting.
A komodo dragon is nearby!
You regained 4 mp, and now have 9/33 mp.
A komodo dragon comes into view.
The komodo dragon bites the bush but does no damage.
The stone arrow misses the komodo dragon.
The komodo dragon hisses angrily. x2
You now have 7/33 mp.
The stone arrow hits the komodo dragon!!
The komodo dragon barely misses you. The komodo dragon bites you!!
You take 25 damage, and have 59/84 hp.
MASSIVE DAMAGE!!
You now have 5/33 mp.
Unknown command.
The komodo dragon attacks as it pursues you!
The komodo dragon bites you!! The komodo dragon barely misses you.
You take 18 damage, and have 41/84 hp.
MASSIVE DAMAGE!!
The komodo dragon attacks as it pursues you!
The komodo dragon closely misses you.
The komodo dragon attacks as it pursues you!
The komodo dragon closely misses you.
Casting: Stone Arrow (safe; 1% risk of failure)
Okay, then.
You hit the komodo dragon. You burn the komodo dragon.
The komodo dragon closely misses you.
The komodo dragon attacks as it pursues you!
The komodo dragon bites you!!
* * * LOW HITPOINT WARNING * * *
You take 26 damage, and have 18/84 hp.
MASSIVE DAMAGE!!
Casting: Stone Arrow (safe; 1% risk of failure)
Aiming: Fulminant Prism (dangerous; 9% risk of failure)
Press: ? - help, Dir - move target, f/p - komodo dragon
Aim: a komodo dragon (heavily wounded)
You can't place the prism on a creature.
Unknown command.
Okay, then.
You feel very mighty all of a sudden. The komodo dragon barely misses you.
The komodo dragon bites you!
* * * LOW HITPOINT WARNING * * *
You take 8 damage, and have 10/84 hp.
Hit: l) +5 mace of the Leaping Owl {flame, rPois SInv}
Press: ? - help, Dir - move target, f/p - komodo dragon
Aim: a komodo dragon (heavily wounded, about 27% to evade the +5 mace of the Leaping Owl)
Okay, then.
Hit: l) +5 mace of the Leaping Owl {flame, rPois SInv}
Press: ? - help, Dir - move target, f/p - komodo dragon
Aim: a komodo dragon (heavily wounded, about 27% to evade the +5 mace of the Leaping Owl)
You hit the komodo dragon. You burn the komodo dragon.
The komodo dragon bites you!!
You die...

#.. ## #.# ##
..# ##.#
#.###.##..l ..#
##.[†....#
##.###...#.#...#
#...##.†.# .. #
##lP##...# #..
#@l....#...# ##
##P###...#P# ###
##..### .....
#.##.## ## .# .#


You could see 2 komodo dragons.

Vanquished Creatures
  Erolcha (D:9)
  Maurice (D:8)
  2 cane toads (Lair:1)
  A rime drake (Lair:1)
  A komodo dragon (Lair:1)
  Jeremiah (Lair:1)
  2 blink frogs (Lair:1)
  Prince Ribbit (Lair:1)
  4 wyverns (D:7 D:9 Lair:1 Lair:2)
  A shadow (D:9)
  5 yaks (Lair:1)
  Eustachio (D:4)
  Grum (D:8)
  2 vampire mosquitoes (D:10)
  An acid dragon (D:8)
  A water moccasin (Lair:1)
  An orc warrior (D:8)
  A black bear (D:6)
  An ogre (D:7)
  4 centaurs (D:7 D:10)
  8 wolves (D:8 Lair:2)
  A phantom (D:6)
  A kobold brigand (D:8)
  5 bullfrogs (D:7 D:8 Lair:1)
  A scorpion (D:4)
  A howler monkey (D:9)
  2 bombardier beetles (D:4)
  A jelly (D:5)
  4 orc priests (D:5 D:7 D:10)
  3 hounds (D:5 D:6)
  4 iguanas (D:5 D:6 D:7)
  Jessica (D:2)
  Natasha (thrice) (D:2)
  2 sleepcaps (D:5 D:6)
  12 orc wizards (D:4 D:5 D:6 D:7 D:8)
  6 gnolls (D:2 D:3)
  7 adders (D:2 D:3 D:4 D:5)
  A white imp (D:5)
  2 ufetubi (D:5)
  4 dart slugs (D:1 D:2 D:5)
  26 orcs (D:4 D:5 D:6 D:7 D:8)
  8 ball pythons (D:1 D:4)
  5 endoplasms (D:1 D:2 D:3)
  5 giant cockroaches (D:1 D:3 D:4)
  7 goblins (D:1 D:3 D:4)
  5 hobgoblins (D:1 D:2 D:4)
  5 jackals (D:1 D:3)
  7 quokkas (D:1 D:3 D:5)
  7 bats (D:1 D:2 D:3)
  A frilled lizard (D:3)
  20 kobolds (D:1 D:2 D:3 D:8 D:10)
  7 rats (D:1 D:2 D:3)
  3 fulminant prisms (D:8)
208 creatures vanquished.

Vanquished Creatures (collateral kills)
  4 boulders (D:7 D:8 D:10 Lair:1)
4 creatures vanquished.

Vanquished Creatures (others)
  7 boulders (D:7 D:8 D:9 Lair:1)
  22 fulminant prisms (D:8 D:9 D:10 Lair:1 Lair:2)
29 creatures vanquished.

Grand Total: 241 creatures vanquished

Notes
Turn   | Place    | Note
-------+----------+-------------------------------------------
     0 | D:1      | Ambrosia the Demigod Conjurer began the quest for the Orb.
     0 | D:1      | Reached XP level 1. HP: 14/14 MP: 5/5
   245 | D:1      | Reached skill level 2 in Spellcasting
   248 | D:1      | Reached XP level 2. HP: 22/22 MP: 1/7
   267 | D:1      | Learned a level 2 spell: Searing Ray
   550 | D:1      | Reached skill level 1 in Fighting
   657 | D:1      | Reached skill level 2 in Dodging
   914 | D:1      | Reached XP level 3. HP: 27/28 MP: 8/8
   979 | D:1      | Learned a level 3 spell: Stone Arrow
  1302 | D:2      | Noticed Natasha
  1308 | D:2      | Killed Natasha
  1309 | D:2      | Reached skill level 4 in Conjurations
  1626 | D:2      | Reached skill level 1 in Armour
  1626 | D:2      | Reached skill level 1 in Earth Magic
  1626 | D:2      | Reached XP level 4. HP: 30/35 MP: 10/10
  1688 | D:2      | Noticed Natasha
  1693 | D:2      | Killed Natasha
  2032 | D:2      | Noticed Jessica
  2041 | D:2      | Killed Jessica
  2042 | D:2      | Reached XP level 5. HP: 31/41 MP: 11/11
  2163 | D:2      | Noticed Natasha
  2167 | D:2      | Killed Natasha
  2168 | D:2      | Reached skill level 2 in Fighting
  3823 | D:4      | Noticed Eustachio
  4050 | D:4      | Killed Eustachio
  4051 | D:4      | Reached skill level 3 in Spellcasting
  4051 | D:4      | Reached skill level 2 in Earth Magic
  4051 | D:4      | Reached XP level 6. HP: 43/50 MP: 6/13
  4140 | D:4      | Learned a level 4 spell: Fulminant Prism
  5374 | D:5      | Entered Level 5 of the Dungeon
  5396 | D:5      | Reached skill level 3 in Fighting
  5396 | D:5      | Reached XP level 7. HP: 42/57 MP: 9/15
  5401 | D:5      | Reached skill level 2 in Armour
  6089 | D:5      | Reached skill level 5 in Conjurations
  6258 | D:5      | Reached skill level 3 in Earth Magic
  7454 | D:6      | Reached skill level 3 in Dodging
  7865 | D:6      | Found a staircase to the Ecumenical Temple.
  8099 | Temple   | Entered the Ecumenical Temple
  8165 | D:7      | Reached skill level 4 in Spellcasting
  8169 | D:7      | Reached XP level 8. HP: 64/66 MP: 10/17
  8250 | D:7      | Learned a level 4 spell: Brom's Barrelling Boulder
  8299 | D:7      | Reached skill level 4 in Fighting
  8495 | D:7      | You fall into a shaft and drop 1 floor!
  8729 | D:7      | Reached skill level 4 in Earth Magic
  8813 | D:7      | Found Urabounn's Jewellery Shop.
  9386 | D:8      | Found a transporter.
  9426 | D:8      | Reached skill level 3 in Armour
  9439 | D:8      | HP: 31/67 [acid dragon/splash of acid (25)]
  9448 | D:8      | HP: 31/67 [acid dragon (3)]
  9450 | D:8      | Reached skill level 6 in Conjurations
  9580 | D:8      | Found a transporter.
  9737 | D:8      | Noticed Grum
  9744 | D:8      | HP: 32/67 [spore (4)]
  9754 | D:8      | Noticed Maurice
  9765 | D:8      | HP: 33/67 [Grum/+1 antimagic spear (6)]
  9774 | D:8      | Killed Grum
  9775 | D:8      | Reached XP level 9. HP: 31/73 MP: 2/20
  9950 | D:8      | Something stole 272 gold
  9952 | D:8      | Something stole 227 gold
  9954 | D:8      | HP: 31/73 [something/puff of flame (8)]
  9957 | D:8      | HP: 15/73 [something (5)]
  9961 | D:8      | HP: 3/73 [something/puff of flame (9)]
 10333 | D:8      | Identified the +5 mace of the Leaping Owl {flame, rPois
                  | SInv}
 10399 | D:8      | HP: 36/73 [Maurice/arrow (2)]
 10403 | D:9      | Reached skill level 5 in Fighting
 10403 | D:9      | Reached skill level 5 in Spellcasting
 10522 | D:8      | Killed Maurice
 10523 | D:8      | Reached skill level 4 in Dodging
 10523 | D:8      | Reached skill level 5 in Earth Magic
 10589 | D:8      | Noticed a thrashing horror
 10592 | D:8      | Noticed shadowrider38's ghost (novice VSFE)
 11144 | D:9      | Found a staircase to the Lair.
 11487 | D:9      | Noticed Erolcha
 11554 | D:9      | Killed Erolcha
 11685 | D:10     | Entered Level 10 of the Dungeon
 11726 | D:10     | Found a runed translucent door.
 11740 | D:10     | Noticed a sixfirhy
 11917 | D:10     | Reached skill level 7 in Conjurations
 11980 | D:10     | Reached skill level 4 in Armour
 12719 | Lair:1   | Entered Level 1 of the Lair of Beasts
 12719 | Lair:1   | Noticed Prince Ribbit
 12740 | Lair:1   | Reached skill level 6 in Fighting
 12740 | Lair:1   | Killed Prince Ribbit
 12741 | Lair:1   | Reached XP level 10. HP: 83/83 MP: 12/22
 12751 | Lair:1   | Reached skill level 6 in Spellcasting
 12751 | Lair:1   | Reached skill level 6 in Earth Magic
 12914 | Lair:1   | Noticed Jeremiah
 12925 | Lair:1   | Killed Jeremiah
 12926 | Lair:1   | Reached skill level 5 in Dodging
 13098 | Lair:1   | Learned a level 4 spell: Iskenderun's Mystic Blast
 13289 | Lair:1   | You fall into a shaft and drop 1 floor!
 13297 | Lair:2   | Reached skill level 8 in Conjurations
 13316 | Lair:2   | HP: 41/84 [komodo dragon (18)]
 13323 | Lair:2   | HP: 18/84 [komodo dragon (26)]
 13325 | Lair:2   | Mangled by a komodo dragon

Illustrated notes

Levels and vault maps discovered:
D:1:      sevenhm_arrival_forest_fort_large_2, layout_loops_cross,
          ebering_ecumenical_altar_petrified
D:2:      layout_loops_cross, basic_altar, uniq_natasha, uniq_jessica
D:3:      layout_basic, grunt_gozag_breadcrumbs
D:4:      layout_basic, serial_glass, glass_columns_b, glass_columns_b,
          due_unseen_surprise, serial_bayou_pond_c, dk_vineyard_1,
          uniq_eustachio
D:5:      layout_layer_cave, minitemple, portal_sewer_entry_f
D:6:      layout_basic, minmay_temple_entry_statues_fountains
D:7:      layout_basic, marbit_many_paths, serial_shops, shop
D:8:      layout_basic, gammafunk_ghost_abyssal_escape, uniq_grum, uniq_maurice
D:9:      layout_roguey, lair_entry_dummy, enter_bailey_2, uniq_erolcha
D:10:     cheibrodos_shockbox, layout_long_grid, minmay_unpleasant_kobolds
Temple:   nicolae_temple_superstar
Lair:1:   layout_long_grid, grunt_megastairs_2, uniq_prince_ribbit2,
          uniq_jeremiah
Lair:2:   layout_loops_ring, hellmonk_spider_entry_not_the_bees, uniq_urug

Skill      XL: |  1  2  3  4  5  6  7  8  9 10 |
---------------+-------------------------------+-----
Spellcasting   | 2 3 4 5 6 |  6.7
Fighting       | 1 2 3 4 6 |  6.9
Dodging        | 2 3 4 5 |  5.2
Conjurations   | 4 5 6 7 8 |  8.0
Armour         | 1 2 3 4 |  4.7
Earth Magic    | 1 2 3 4 5 6 |  6.8
Stealth        | |  1.7

Action                     |  1- 3 |  4- 6 |  7- 9 | 10-12 || total
---------------------------+-------+-------+-------+-------++-------
  Melee: Unarmed           |     8 |       |       |       ||     8
         Hand axe          |    10 |    21 |    11 |       ||    42
         Punch             |     2 |     1 |     1 |       ||     4
         Mace              |       |       |       |    12 ||    12
   Cast: Magic Dart        |    65 |    43 |       |       ||   108
         Searing Ray       |     2 |     8 |       |       ||    10
         Stone Arrow       |       |    42 |   132 |    30 ||   204
         Fulminant Prism   |       |       |    18 |     7 ||    25
         Brom's Barrelling |       |       |    13 |     2 ||    15
         Iskenderun's Myst |       |       |       |     4 ||     4
    Use: Scroll            |     4 |     8 |    16 |       ||    28
         Potion            |     1 |       |     4 |     2 ||     7
   Stab: Sleeping          |     1 |       |       |       ||     1
 Armour: Robe              |    21 |    33 |    73 |    15 ||   142
  Dodge: Dodged            |    36 |    73 |    96 |    24 ||   229

Table legend: (Time is in decaauts)
 A = Elapsed time spent in this place.
 B = Non-inter-level travel time spent in this place.
 C = Inter-level travel time spent in this place.
 D = Time resting spent in this place.
 E = Time spent auto-exploring this place.
 F = Levels seen in this place.
 G = Mean time per level.
                   A        B        C        D        E       F      G
               +--------+--------+--------+--------+--------+-----+--------+
         Total |  13335 |  13013 |    322 |   2491 |   8843 |  13 | 1025.8 |
       Dungeon |  12724 |  12403 |    321 |   2371 |   8492 |  10 | 1272.4 |
        Temple |      1 |      1 |      0 |      0 |      0 |   1 |    1.0 |
          Lair |    609 |    609 |      0 |    120 |    351 |   2 |  304.5 |
               +--------+--------+--------+--------+--------+-----+--------+

Top non-repeatable levels by time:
     D:5: 2071 daAuts
     D:3: 1605 daAuts
     D:4: 1597 daAuts
     D:8: 1520 daAuts
     D:1: 1207 daAuts
     D:7: 1031 daAuts
     D:9: 1023 daAuts
    D:10: 1006 daAuts
     D:2: 979 daAuts
     D:6: 681 daAuts
  Lair:1: 573 daAuts
  Lair:2: 36 daAuts
  Temple: 1 daAuts

Levels and vault maps discovered:
D:1:      sevenhm_arrival_forest_fort_large_2, layout_loops_cross,
          ebering_ecumenical_altar_petrified
D:2:      layout_loops_cross, basic_altar, uniq_natasha, uniq_jessica
D:3:      layout_basic, grunt_gozag_breadcrumbs
D:4:      layout_basic, serial_glass, glass_columns_b, glass_columns_b,
          due_unseen_surprise, serial_bayou_pond_c, dk_vineyard_1,
          uniq_eustachio
D:5:      layout_layer_cave, minitemple, portal_sewer_entry_f
D:6:      layout_basic, minmay_temple_entry_statues_fountains
D:7:      layout_basic, marbit_many_paths, serial_shops, shop
D:8:      layout_basic, gammafunk_ghost_abyssal_escape, uniq_grum, uniq_maurice
D:9:      layout_roguey, lair_entry_dummy, enter_bailey_2, uniq_erolcha
D:10:     cheibrodos_shockbox, layout_long_grid, minmay_unpleasant_kobolds
Temple:   nicolae_temple_superstar
Lair:1:   layout_long_grid, grunt_megastairs_2, uniq_prince_ribbit2,
          uniq_jeremiah
Lair:2:   layout_loops_ring, hellmonk_spider_entry_not_the_bees, uniq_urug

Table legend: (Time is in decaauts)
 A = Elapsed time spent in this place.
 B = Non-inter-level travel time spent in this place.
 C = Inter-level travel time spent in this place.
 D = Time resting spent in this place.
 E = Time spent auto-exploring this place.
 F = Levels seen in this place.
 G = Mean time per level.
                   A        B        C        D        E       F      G
               +--------+--------+--------+--------+--------+-----+--------+
         Total |  13335 |  13013 |    322 |   2491 |   8843 |  13 | 1025.8 |
       Dungeon |  12724 |  12403 |    321 |   2371 |   8492 |  10 | 1272.4 |
        Temple |      1 |      1 |      0 |      0 |      0 |   1 |    1.0 |
          Lair |    609 |    609 |      0 |    120 |    351 |   2 |  304.5 |
               +--------+--------+--------+--------+--------+-----+--------+

Top non-repeatable levels by time:
     D:5: 2071 daAuts
     D:3: 1605 daAuts
     D:4: 1597 daAuts
     D:8: 1520 daAuts
     D:1: 1207 daAuts
     D:7: 1031 daAuts
     D:9: 1023 daAuts
    D:10: 1006 daAuts
     D:2: 979 daAuts
     D:6: 681 daAuts
  Lair:1: 573 daAuts
  Lair:2: 36 daAuts
  Temple: 1 daAuts

Table legend:
 A = Kills in this place as a percentage of kills in the entire game.
 B = Kills by you in this place as a percentage of kills by you in the entire game.
 C = Kills by friends in this place as a percentage of kills by friends in the entire game.
 D = Other kills in this place as a percentage of other kills in the entire game.
 E = Experience gained in this place as a percentage of experience gained in the entire game.
 F = Experience gained in this place divided by the number of levels of this place that you have seen.
                   A       B       C       D       E      F
               +-------+-------+-------+-------+-------+----------------------
         Total | 100.0 | 100.0 |   N/A |   N/A | 100.0 | 878.5
       Dungeon |  87.8 |  87.8 |   N/A |   N/A |  53.7 | 613.4
          Lair |  12.2 |  12.2 |   N/A |   N/A |  46.3 | 2643.0
               +-------+-------+-------+-------+-------+----------------------
